 Dungeon Crawl Stone Soup version 0.27-a0-1193-g8631133539 (webtiles) character file.

Game seed: 9465671271681328197

32 rjrrt the Chopper (level 3, 0/43 HPs)
             Began as a Demonspawn Berserker on May 26, 2021.
             Was a Believer of Trog.
             Succumbed to a goblin's poison
             ... on level 2 of the Dungeon.
             The game lasted 00:01:39 (1380 turns).

rjrrt the Chopper (Demonspawn Berserker)            Turns: 1380, Time: 00:01:40

Health: 0/43       AC:  7    Str: 24    XL:     3   Next: 10%
Magic:  3/3        EV: 10    Int:  8    God:    Trog [**....]
Gold:   44         SH:  0    Dex: 12    Spells: 2/2 levels left

rFire    . . .     SeeInvis .   a - +0 hand axe
rCold    . . .     Faith    .   (no shield)
rNeg     . . .     Spirit   .   f - +0 scale mail
rPois    .         Reflect  .   (helmet restricted)
rElec    .         Harm     .   g - +0 cloak
rCorr    .         Rampage  .   (no gloves)
Will     .....                  (no boots)
Stlth    ..........             (no amulet)
HPRegen  0.14/turn              i - +6 ring of strength
MPRegen  0.08/turn              (no ring)

@: berserking (expiring), lethally poisoned (0 -> -11), very quick
A: horns 1, powered by pain 1
a: Renounce Religion, Berserk, Trog's Hand


You were on level 2 of the Dungeon.
You worshipped Trog.
Trog was pleased with you.
You visited 1 branch of the dungeon, and saw 2 of its levels.

You collected 44 gold pieces.

Inventory:

Hand Weapons
 a - a +0 hand axe (weapon)
Armour
 f - a +0 scale mail (worn)
 g - a +0 cloak (worn)
Jewellery
 i - a +6 ring of strength (left hand)
Scrolls
 b - a scroll of amnesia {unknown}
 c - a scroll of fog {unknown}
 d - 2 scrolls of teleportation {unknown}
 e - a scroll of identify {unknown}
 h - a scroll of silence {unknown}


   Skills:
 - Level 3.0 Fighting
 + Level 3.9 Axes
 - Level 1.7 Armour
 - Level 1.7 Dodging


You had 2 spell levels left.
You didn't know any spells.
Your spell library was empty.

Dungeon Overview and Level Annotations

Branches:
Dungeon (2/15)

Altars:


Innate Abilities, Weirdness & Mutations

You have a pair of small horns on your head.
You sometimes gain a little power by taking damage.


Message History

You closely miss the goblin. You headbutt the goblin.
You kill the goblin!
Trog accepts your kill.
You feel very sick.
You have reached level 3!
Your experience leads to an increase in your attributes!
Your base attributes are Str 17, Int 8, Dex 12.
Increase (S)trength, (I)ntelligence, or (D)exterity?
You feel stronger.
Your demonic ancestry asserts itself...
You feel energised by your suffering.
You are too injured to fight recklessly!
* * * LOW HITPOINT WARNING * * *
You feel very sick. The goblin hits you but does no damage.
Things that are here:
a +0 dagger of venom; a goblin corpse You are too injured to fight recklessly!
You hit the goblin.
You kill the goblin!
Trog accepts your kill.
You can now call upon Trog for regeneration and willpower.
* * * LOW HITPOINT WARNING * * *
You feel very sick.
Unknown command.
You are too injured to fight recklessly!
You hit the goblin.
You kill the goblin!
Trog accepts your kill.
* * * LOW HITPOINT WARNING * * *
You feel sick.
Unknown command.
You are too injured to fight recklessly!
You slash the goblin!
You kill the goblin!
Trog accepts your kill.
* * * LOW HITPOINT WARNING * * *
You feel sick.
You are too injured to fight recklessly!
You closely miss the kobold.
You die...

.. # #.####...... ...
..#....g...#
#..#.#....#.#.#
#.#.#g##<# ..
#...#.#############
#..................
#..........########
#.....####.#
###...K@...#
#...###..#########.#
.....................>#
#.####...#......#.######
.....##.....#.#
###..###.##.#.#
#......##.#.#
#..######.#.# ###.#


You could see a kobold.

Vanquished Creatures
  A worm (D:2)
  An endoplasm (D:1)
  A giant cockroach (D:2)
  5 goblins
  A hobgoblin (D:1)
  2 jackals (D:1)
  A quokka (D:1)
  2 ball pythons
  3 bats (D:1)
  A frilled lizard (D:2)
  4 kobolds
  5 rats
27 creatures vanquished.

Notes
Turn   | Place    | Note
-------+----------+-------------------------------------------
     0 | D:1      | rjrrt the Demonspawn Berserker began the quest for the Orb.
     0 | D:1      | Reached XP level 1. HP: 18/18 MP: 1/1
   416 | D:1      | Found a faded altar of an unknown god.
   532 | D:1      | Gained mutation: You have a pair of small horns on your
                  | head. [demonic ancestry]
   532 | D:1      | Reached XP level 2. HP: 24/24 MP: 2/2
  1376 | D:2      | Gained mutation: You sometimes gain a little power by
                  | taking damage. [demonic ancestry]
  1376 | D:2      | Reached XP level 3. HP: 13/29 MP: 3/3
  1377 | D:2      | Reached ** piety under Trog
  1379 | D:2      | HP: 2/43 [poisoned by a goblin]
  1380 | D:2      | Succumbed to a goblin's poison

Illustrated notes

Levels and vault maps discovered:
D:1:      giann_horns, layout_basic, hellmonk_ecumenical_altar_lost_god,
          chequers_serial_rivers_large_a
D:2:      layout_basic, uniq_terence, uniq_jessica, uniq_robin

Skill      XL: |  1 |
---------------+----+-----
Axes           | 3 |  3.9
Fighting       | |  3.0
Armour         | |  1.7
Dodging        | |  1.7

Action                   || total
-------------------------++-------
Melee: Hand axe          ||    83
       Headbutt          ||    14
Invok: Berserk           ||     1
 Stab: Distracted        ||     1
Armor: Animal skin       ||     2
       Scale mail        ||    24
Dodge: Dodged            ||    34

Table legend: (Time is in decaauts)
 A = Elapsed time spent in this place.
 B = Non-inter-level travel time spent in this place.
 C = Inter-level travel time spent in this place.
 D = Time resting spent in this place.
 E = Time spent auto-exploring this place.
 F = Levels seen in this place.
 G = Mean time per level.
                   A        B        C        D        E       F      G
               +--------+--------+--------+--------+--------+-----+--------+
         Total |   1405 |   1390 |     15 |      0 |   1167 |   2 |  702.5 |
       Dungeon |   1405 |   1390 |     15 |      0 |   1167 |   2 |  702.5 |
               +--------+--------+--------+--------+--------+-----+--------+

Top non-repeatable levels by time:
     D:1: 1118 daAuts
     D:2: 287 daAuts
